[Event "Team 45 45 League T55"]
[Site "Internet Chess Club"]
[Date "2012.12.07"]
[Round "4"]
[White "nidusin2"]
[Black "losscause"]
[Result "1/2-1/2"]
[WhiteElo "1598"]
[BlackElo "1582"]
[Opening "Caro-Kann: two knights, 3...Bg4"]
[ECO "B11"]
[Time "20:00:45"]
[TimeControl "2700+45"]

1. e4 c6 2. Nc3 d5 3. Nf3 Bg4 4. Be2 e6 5. d4 Bb4 6. e5 Ne7 7. a3 Bxc3+ 8. bxc3
Nd7 9. O-O O-O 10. Bg5 f6 11. exf6 gxf6 12. Bh6 Rf7 13. Nh4 Bxe2 14. Qxe2 e5 15.
Qg4+ Kh8 16. Nf5 Nxf5 17. Qxf5 Qg8 18. f4 e4 19. Rae1 Qg6 20. Qh3 f5 21. Re3 Nf6
22. Rg3 Ng4 23. Qh4 Qxh6 24. Rxg4 Qxh4 25. Rxh4 Rg8 26. Rh5 Rg6 27. Kf2 Kg7 28.
Rg1 Kf6 29. g3 Rfg7 30. a4 b6 31. Rb1 Rg4 32. Rh6+ R4g6 {Game drawn by mutual
agreement} 1/2-1/2

[Event "Team 45 45 League T55"]
[Site "Internet Chess Club"]
[Date "2012.12.09"]
[Round "4"]
[White "SirIvanhoe"]
[Black "monkeyshark"]
[Result "1/2-1/2"]
[WhiteElo "1526"]
[BlackElo "1544"]
[Opening "Giuoco Piano"]
[ECO "C54"]
[Time "13:00:41"]
[TimeControl "2700+45"]

1. e4 e5 2. Bc4 Bc5 3. Nf3 Nc6 4. c3 Nf6 5. d3 d6 6. O-O Bg4 7. Bg5 h6 8. Bh4 g5
9. Bg3 Qd7 10. Nbd2 O-O-O 11. b4 Bb6 12. a4 a6 13. Qb3 Bxf3 14. Nxf3 g4 15. Nh4
d5 16. exd5 Nxd5 17. a5 Ba7 18. b5 axb5 19. Bxb5 Qe6 20. Bc4 Qd7 21. Rfb1 b6 22.
Ba6+ Kb8 23. axb6 Nxb6 24. c4 Qd4 25. Nf5 Qc5 26. Ne3 Ne7 27. Bb5 f5 28. Rxa7
Kxa7 29. Qa2+ Kb8 30. Ra1 Nec8 31. Ba6 Na7 32. Qb3 Ka8 33. Qa2 Kb8 34. Bb7 Kxb7
35. Qxa7+ Kc6 36. Qa5 Qxa5 37. Rxa5 f4 38. Nxg4 Rde8 39. Nxe5+ Kb7 40. Bxf4 Ra8
41. Rxa8 Rxa8 42. Kf1 h5 43. Ke2 Re8 44. Kd2 Nc8 45. Nd7 Nd6 46. Nf6 Rh8 47. Nd5
Kc6 48. Ne7+ Kd7 49. Nd5 Rf8 50. Bxd6 Kxd6 51. Ke2 c6 52. Nc3 Ke5 53. Ke3 Ra8
54. Ne2 Ra1 55. h4 Re1 56. Kf3 Rd1 57. Ke3 Re1 58. Kf3 Rd1 59. Ke3 Re1 {Game
drawn by repetition} 1/2-1/2

[Event "Team 45 45 League T55"]
[Site "Internet Chess Club"]
[Date "2012.12.08"]
[Round "4"]
[White "Constrictor"]
[Black "otherook"]
[Result "1/2-1/2"]
[WhiteElo "1695"]
[BlackElo "1771"]
[Opening "King's Indian: Smyslov system"]
[ECO "E61"]
[Time "13:03:05"]
[TimeControl "2700+45"]

1. Nf3 g6 2. d4 Bg7 3. c4 Nf6 4. Nc3 d6 5. Bg5 O-O 6. Qd2 a5 7. Bh6 Nbd7 8. e4
e5 9. Bd3 exd4 10. Nxd4 Nc5 11. Bxg7 Kxg7 12. O-O-O Re8 13. f3 Nxd3+ 14. Qxd3
Nd7 15. f4 Nc5 16. Qf3 Be6 17. Nxe6+ Rxe6 18. f5 Re5 19. Rhf1 Qg5+ 20. Kb1 gxf5
21. exf5 Rae8 22. Nd5 Ne4 23. Nxc7 Nd2+ 24. Rxd2 Qxd2 25. Nxe8+ Rxe8 26. f6+ Kh8
27. Rd1 Re1 28. Rxe1 Qxe1+ 29. Kc2 Qh4 30. b3 Qxh2 31. Qxb7 h5 32. Qc8+ Kh7 33.
Qf5+ Kh6 34. Qxa5 Qxg2+ 35. Qd2+ Qg5 36. Qxg5+ Kxg5 37. Kd2 Kxf6 38. a4 Ke6 39.
a5 Kd7 40. Ke3 h4 41. Kf3 f5 42. b4 Kc6 43. b5+ Kb7 44. a6+ Kb6 45. Kf4 Ka7 46.
Kf3 Kb6 47. Kf4 {Game drawn by mutual agreement} 1/2-1/2

[Event "Team 45 45 League T55"]
[Site "Internet Chess Club"]
[Date "2012.12.09"]
[Round "4"]
[White "crazyhorses"]
[Black "Portola"]
[Result "0-1"]
[WhiteElo "1421"]
[BlackElo "1790"]
[Opening "French: Tarrasch"]
[ECO "C03"]
[Time "14:00:32"]
[TimeControl "2700+45"]

1. e4 e6 2. d4 d5 3. Nd2 dxe4 4. Nxe4 Be7 5. Nf3 Nf6 6. Bd3 Nbd7 7. O-O O-O 8.
Qe2 b6 9. c4 Bb7 10. Rd1 Qc8 11. Bf4 Re8 12. Rac1 c5 13. dxc5 Nxc5 14. Nxc5 Bxc5
15. h3 Bxf3 16. Qxf3 e5 17. Bg5 e4 18. Qg3 Nh5 19. Qh4 Qf5 20. g4 Qf3 21. Bb1
Ng3 22. Rd2 Qh1# {White checkmated} 0-1

[Event "Team 45 45 League T55"]
[Site "Internet Chess Club"]
[Date "2012.12.09"]
[Round "4"]
[White "g8wrb"]
[Black "parrot9"]
[Result "0-1"]
[WhiteElo "1412"]
[BlackElo "1713"]
[Opening "Sicilian: Alapin's variation (2.c3)"]
[ECO "B22"]
[Time "14:01:05"]
[TimeControl "2700+45"]

1. e4 c5 2. c3 Nf6 3. e5 Nd5 4. g3 e6 5. Bg2 Nc6 6. f4 d6 7. d4 cxd4 8. cxd4
dxe5 9. dxe5 Bb4+ 10. Nd2 Ne3 11. Bxc6+ bxc6 12. Qa4 Qd5 13. Qxb4 Nc2+ {White
resigns} 0-1

[Event "Team 45 45 League T55"]
[Site "Internet Chess Club"]
[Date "2012.12.09"]
[Round "4"]
[White "caglar"]
[Black "AtomicDog"]
[Result "1-0"]
[WhiteElo "1506"]
[BlackElo "1341"]
[Opening "Sicilian: Canal-Sokolsky attack, 3...Bd7"]
[ECO "B52"]
[Time "13:00:28"]
[TimeControl "2700+45"]

1. e4 c5 2. Nf3 d6 3. Bb5+ Bd7 4. Bxd7+ Nxd7 5. O-O Ngf6 6. d3 e6 7. Re1 Qc7 8.
b3 Be7 9. Bb2 O-O 10. Nbd2 b5 11. Qe2 a5 12. c4 bxc4 13. dxc4 Rfb8 14. Nb1 Qb7
15. Nc3 Ne8 16. Nb5 Nc7 17. a4 Nb6 18. Rad1 Nxb5 19. cxb5 e5 20. Nd2 Bf8 21. Nc4
Nxc4 22. bxc4 Qc7 23. Qg4 g6 24. f4 exf4 25. Qxf4 Rd8 26. Qf6 {Black resigns}
1-0

[Event "Team 45 45 League T55"]
[Site "Internet Chess Club"]
[Date "2012.12.15"]
[Round "4"]
[White "chiiwen"]
[Black "TooStrongForYou"]
[Result "1/2-1/2"]
[WhiteElo "2164"]
[BlackElo "2043"]
[Opening "Ruy Lopez: closed, anti-Marshall 8.a4"]
[ECO "C88"]
[Time "20:42:58"]
[TimeControl "2700+45"]

1. e4 e5 2. Nf3 Nc6 3. Bb5 a6 4. Ba4 Nf6 5. O-O Be7 6. Re1 b5 7. Bb3 O-O 8. a4
Bb7 9. d3 d6 10. Nbd2 Nd7 11. Bd5 Nb6 12. axb5 axb5 13. Rxa8 Qxa8 14. Bb3 Qa1
15. c3 Ra8 16. Nf1 Na5 17. Ne3 Nxb3 18. Qxb3 Qa4 19. Qxa4 Nxa4 20. Nf5 Bf8 21.
d4 g6 22. Ng3 f6 23. h4 c5 24. h5 b4 25. hxg6 hxg6 26. dxe5 bxc3 27. bxc3 dxe5
28. Bd2 c4 29. Rb1 Nc5 30. Rb6 Ra1+ 31. Kh2 Ra6 32. Rxa6 Bxa6 33. Be3 Kf7 34.
Nd2 Ke6 35. Ne2 Nd3 36. g4 Nb2 37. Kg3 Nd1 38. Bb6 Bh6 39. Nb1 Bb7 40. f3 Bc6
41. Na3 Ba4 42. f4 Bf8 43. Nb1 Bc2 44. Nd2 Bd3 45. Kf3 Bxe2+ 46. Kxe2 Nxc3+ 47.
Kf3 exf4 48. Nxc4 g5 49. Bd8 Be7 50. Bxe7 Kxe7 51. e5 Ke6 52. exf6 Kxf6 53. Nb2
Nb1 54. Nc4 Ke6 55. Ke4 Nc3+ 56. Kd3 Nd5 57. Nd2 Kf6 58. Nc4 Nb4+ 59. Ke4 Na2
60. Kd3 Nc1+ 61. Kd2 Nb3+ 62. Kc3 Nc5 63. Kd4 Nd7 64. Nd2 Kg6 65. Nf3 Nf6 66.
Ne5+ Kg7 67. Nf3 Kh6 68. Ne5 Ng8 69. Ke4 Ne7 70. Nd3 Nc6 71. Nxf4 gxf4 72. Kxf4
Kg6 {Game drawn by mutual agreement} 1/2-1/2

[Event "Team 45 45 League T55"]
[Site "Internet Chess Club"]
[Date "2012.12.08"]
[Round "4"]
[White "gaibo4ever"]
[Black "Bonneville"]
[Result "1-0"]
[WhiteElo "2020"]
[BlackElo "2003"]
[Opening "French: advance, Paulsen attack"]
[ECO "C02"]
[Time "14:00:43"]
[TimeControl "2700+45"]

1. e4 e6 2. d4 d5 3. e5 c5 4. c3 Nc6 5. Nf3 Qb6 6. a3 c4 7. Nbd2 f6 8. Be2 fxe5
9. Nxe5 Bd6 10. f4 Nf6 11. Ndf3 O-O 12. O-O Qc7 13. Kh1 b6 14. Qe1 Bb7 15. Bd1
Rae8 16. Bc2 a6 17. Qh4 b5 18. Be3 a5 19. Rae1 b4 20. Bc1 b3 21. Bb1 Qc8 22. Ng5
g6 23. Bxg6 hxg6 24. Nxg6 Kg7 25. Nxf8 Bxf8 26. Qg3 Kh8 27. Nxe6 Qd7 28. Qh4+
Nh7 29. f5 Bd6 30. Qh5 Re7 31. Ng5 Qxf5 32. Nf7+ Qxf7 33. Qxf7 Rxf7 34. Rxf7 Be7
35. Rexe7 Nxe7 36. Rxe7 Ba6 37. Bh6 Kg8 38. Rg7+ Kh8 39. Ra7 Bc8 40. Ra8 {Black
resigns} 1-0

[Event "Team 45 45 League T55"]
[Site "Internet Chess Club"]
[Date "2012.12.08"]
[Round "4"]
[White "pmcglothin"]
[Black "lasker25"]
[Result "1/2-1/2"]
[WhiteElo "1809"]
[BlackElo "1915"]
[Opening "Sicilian: closed"]
[ECO "B23"]
[Time "10:00:42"]
[TimeControl "2700+45"]

1. e4 c5 2. Nc3 e6 3. Nf3 Nc6 4. Bb5 Nd4 5. Nxd4 cxd4 6. Ne2 Qg5 7. Bd3 Bc5 8.
O-O Nh6 9. f4 Qe7 10. Ng3 O-O 11. Qh5 d6 12. e5 d5 13. b3 f5 14. exf6 Qxf6 15.
Bb2 Bd7 16. Rae1 Rad8 17. Kh1 a6 18. c3 Nf5 19. Nxf5 exf5 20. Re5 g6 21. Qf3
dxc3 22. Bxc3 Bc6 23. Rxf5 d4 24. Rxf6 Bxf3 25. Rxf8+ Kxf8 26. Rxf3 dxc3 27.
dxc3 Re8 28. g3 Re1+ 29. Rf1 Rxf1+ 30. Bxf1 Kf7 31. Bd3 Kf6 32. Kg2 a5 33. Kf3
Bg1 34. h3 Bc5 35. g4 b6 36. g5+ Kg7 37. Kg4 Ba3 38. f5 gxf5+ 39. Kxf5 Bb2 40.
c4 Bd4 41. h4 Bc5 42. Be4 Bd4 43. h5 Be3 44. Bd5 Bc1 45. h6+ Kh8 46. Kg4 Be3 47.
Kh5 Bc1 48. g6 hxg6+ 49. Kxg6 Be3 50. Be4 Bc5 51. h7 Bd4 52. Kf7 Bc5 53. Ke6 Ba3
54. Kd5 Bc5 55. Kc6 Kg7 56. Kb5 Kh8 57. Ka4 Kg7 58. a3 Kh8 59. b4 axb4 60. axb4
Bf2 61. Kb5 Kg7 62. Kc6 Bg1 63. Kd5 {Game drawn by mutual agreement} 1/2-1/2

[Event "Team 45 45 League T55"]
[Site "Internet Chess Club"]
[Date "2012.12.09"]
[Round "4"]
[White "upsan"]
[Black "Inquisiteur"]
[Result "0-1"]
[WhiteElo "1820"]
[BlackElo "1659"]
[Opening "Bird's opening"]
[ECO "A03"]
[Time "10:08:16"]
[TimeControl "2700+45"]

1. f4 d5 2. Nf3 Nf6 3. g3 c6 4. Bg2 Bf5 5. O-O e6 6. b3 Nbd7 7. Bb2 Bc5+ 8. d4
Bd6 9. Nbd2 Ng4 10. Qc1 Ne3 11. Rf2 Nxc2 12. Nh4 Nxa1 13. Nxf5 exf5 14. Qxa1 Nf6
15. Bf3 Qe7 16. Qb1 g6 17. Qd1 Ne4 18. Nxe4 fxe4 19. Bg4 f5 20. Bh3 h5 21. Bf1
O-O-O 22. e3 Kb8 23. b4 Bxb4 24. Qb3 Ka8 25. a3 Ba5 26. Rc2 h4 27. Qa4 Bb6 28.
Bc3 hxg3 29. hxg3 Qh7 30. Bg2 Qh2+ 31. Kf2 Rh3 32. Rb2 Rxg3 {White resigns} 0-1

[Event "Team 45 45 League T55"]
[Site "Internet Chess Club"]
[Date "2012.12.11"]
[Round "4"]
[White "adypady"]
[Black "bogolijubov"]
[Result "1-0"]
[WhiteElo "1902"]
[BlackElo "1727"]
[Opening "Scandinavian: Marshall variation"]
[ECO "B01"]
[Time "16:12:24"]
[TimeControl "2700+45"]

1. e4 d5 2. exd5 Nf6 3. d4 Nxd5 4. Be2 g6 5. c4 Nb6 6. Nc3 Bg7 7. Be3 Nc6 8. d5
Na5 9. Bd4 e5 10. Bc5 Bf5 11. Rc1 c6 12. b3 cxd5 13. cxd5 Rc8 14. Bb4 Bh6 15.
Bxa5 Bxc1 16. Qxc1 Qxd5 17. Qa3 Qxg2 18. Bf3 Qg5 19. Nge2 Rd8 20. Nb5 e4 21.
Nd6+ Kd7 22. Nxe4 Bxe4 23. Bxe4 Rhe8 24. Bd2 Qe5 25. Bf4 Qf6 26. Qxa7 {Black
resigns} 1-0

[Event "Team 45 45 League T55"]
[Site "Internet Chess Club"]
[Date "2012.12.10"]
[Round "4"]
[White "barbak"]
[Black "The7thGuest"]
[Result "1-0"]
[WhiteElo "1999"]
[BlackElo "1991"]
[Opening "Alekhine's defense: exchange variation"]
[ECO "B03"]
[Time "13:41:56"]
[TimeControl "2700+45"]

1. e4 Nf6 2. e5 Nd5 3. d4 d6 4. c4 Nb6 5. exd6 cxd6 6. Nc3 g6 7. Be3 Bg7 8. Rc1
O-O 9. b3 Nc6 10. d5 Ne5 11. Be2 f5 12. f4 Ng4 13. Bxg4 fxg4 14. Nge2 e6 15.
dxe6 Bxe6 16. O-O d5 17. c5 Nc8 18. Nd4 Bf5 19. Nxf5 Rxf5 20. Bd4 Bxd4+ 21. Qxd4
Ne7 22. Nb5 Nc6 23. Qd3 Rh5 24. g3 Ne7 25. Nd4 Qd7 26. Rfe1 Nf5 27. Nb5 a6 28.
Nc3 Rd8 29. Re5 d4 30. Ne4 Kg7 31. Ng5 Re8 32. Rce1 Rxe5 33. Rxe5 Rxg5 34. fxg5
Qd8 35. Qe4 Qxg5 36. Qxb7+ Kh6 37. Qxa6 Qc1+ 38. Qf1 Qc3 39. Qe1 Qf3 40. Qf2 Qa8
41. Rxf5 gxf5 42. Qxf5 Qxa2 43. Qf6+ Kh5 44. Qh4+ Kg6 45. Qxg4+ Kf7 46. Qf5+ Kg7
47. Qe5+ Kg6 48. Qxd4 Qxb3 49. Kg2 Qc2+ 50. Kh3 h5 51. Qe5 Qf2 52. Qe8+ Kg5 53.
Qg8+ Kh6 54. Qe6+ Kg5 55. Qd5+ Kg6 56. Qc4 h4 57. Qg4+ {Black resigns} 1-0

[Event "Team 45 45 League T55"]
[Site "Internet Chess Club"]
[Date "2012.12.09"]
[Round "4"]
[White "alexdb"]
[Black "cheVelle"]
[Result "1-0"]
[WhiteElo "1889"]
[BlackElo "1948"]
[Opening "Ruy Lopez: Wormald (Alapin) attack"]
[ECO "C77"]
[Time "15:00:29"]
[TimeControl "2700+45"]

1. e4 e5 2. Nf3 Nc6 3. Bb5 a6 4. Ba4 Nf6 5. Qe2 b5 6. Bb3 Be7 7. d3 d6 8. c3 O-O
9. O-O Na5 10. Bc2 c5 11. Rd1 Qc7 12. Nbd2 Nc6 13. Nf1 Re8 14. Ng3 g6 15. Bg5
Be6 16. Bd2 a5 17. h3 b4 18. Ng5 bxc3 19. Nxe6 fxe6 20. bxc3 Rab8 21. Bb3 Bf8
22. f4 exf4 23. Bxf4 Bg7 24. Rac1 Nd7 25. Kh1 Nb6 26. d4 cxd4 27. cxd4 Qd7 28.
Qb5 Nxd4 29. Qxd7 Nxd7 30. Ba4 Red8 31. Bxd6 Rb7 32. Rc7 Rxc7 33. Bxc7 Rc8 34.
Bxa5 Nc5 35. Bb6 Nxa4 36. Bxd4 Rd8 37. e5 Nc3 38. Rd2 Nb5 39. Be3 Rxd2 40. Bxd2
Bxe5 41. Ne4 Bd4 42. a4 Na7 43. Ng5 e5 44. Nf3 Bb2 45. Kg1 Kf7 46. Kf2 h5 47.
Ke3 Ke6 48. Ke4 Nc6 49. a5 Nb8 50. Nh4 g5 51. Bxg5 Bc3 52. Nf3 Bxa5 53. Nxe5 Na6
54. Nd3 Bc7 55. Bf4 Bb6 56. Bg5 Bc7 57. Nf4+ Bxf4 58. Kxf4 Nc7 59. Bd8 Nd5+ 60.
Kg5 Ne3 61. g3 Nf5 62. Bc7 Ng7 63. Bf4 Kf7 64. Be5 Ne6+ 65. Kxh5 Kg8 66. Kg6
Nf8+ 67. Kf5 Kh7 68. g4 Ng6 69. Bf6 Kh6 70. h4 Nf8 71. Be5 Ng6 72. Bf4+ Kh7 73.
Bg5 Nf8 74. h5 Nd7 75. Bf4 Nf8 76. g5 Kg7 77. g6 Kg8 78. h6 Nd7 79. Bd6 Kh8 80.
Be5+ Nxe5 81. Kxe5 Kg8 82. Kf6 Kh8 83. g7+ Kg8 84. Ke7 Kh7 85. Kf8 {Black
resigns} 1-0

[Event "Team 45 45 League T55"]
[Site "Internet Chess Club"]
[Date "2012.12.07"]
[Round "4"]
[White "JWB"]
[Black "Helaman"]
[Result "1/2-1/2"]
[WhiteElo "1637"]
[BlackElo "1758"]
[Opening "English opening"]
[ECO "A05"]
[Time "15:01:46"]
[TimeControl "2700+45"]

1. Nf3 Nf6 2. c4 g6 3. Nc3 Bg7 4. g3 O-O 5. Bg2 d5 6. cxd5 Nxd5 7. O-O Nc6 8.
Qb3 Nb6 9. d3 Bg4 10. Be3 Qd7 11. Rac1 Be6 12. Qa3 h6 13. Ne4 Qc8 14. Nc5 Bd5
15. Rc2 a5 16. b3 Nb4 17. Rcc1 Bc6 18. Bd2 N6d5 19. e4 Nb6 20. Bc3 Bxc3 21. Rxc3
Nd7 22. Nd4 Ne5 23. Nxc6 Nexc6 24. Qb2 Rd8 25. a3 Na6 26. Nxb7 Qxb7 27. e5 Nab8
28. Rfc1 Ra6 29. Qc2 Rb6 30. Bxc6 Nxc6 31. Rxc6 Rxc6 32. Qxc6 Qxc6 33. Rxc6 Rxd3
34. b4 Rxa3 35. b5 Ra1+ 36. Kg2 Rb1 37. Rxc7 Rxb5 38. Rxe7 Kf8 39. Ra7 Rxe5 40.
h4 Ke8 41. Kg1 Re1+ 42. Kg2 Ra1 43. Kh2 a4 44. Kg2 a3 45. Kh2 a2 46. Kg2 Kd8 47.
Ra8+ Kc7 48. Ra3 Kb6 49. Ra8 Kb5 50. Rb8+ Kc4 51. Rc8+ Kd3 52. Rd8+ Kc4 53. Rc8+
Kb3 54. Rb8+ Kc2 55. Rc8+ Kd3 56. Rd8+ Ke4 57. Re8+ Kd5 58. Rd8+ Kc5 59. Rc8+
Kb6 60. Ra8 Kb7 61. Ra3 h5 62. Ra4 Kc6 63. Ra8 Kd5 64. Rd8+ Ke6 65. Re8+ Kf6 66.
Ra8 Ke5 67. Re8+ Kd4 68. Rd8+ Kc4 69. Rc8+ Kd3 70. Rd8+ Ke2 71. Re8+ Kd1 72.
Rd8+ Kc2 73. Rc8+ Kb3 74. Rb8+ Ka3 75. Ra8+ Kb4 76. Rb8+ Kc5 77. Rc8+ Kd6 78.
Rd8+ Ke6 79. Re8+ Kf6 80. Ra8 Re1 81. Rxa2 Re6 82. Ra5 Rb6 83. Rc5 Re6 84. Ra5
Kg7 85. Ra7 Rb6 {Game drawn by mutual agreement} 1/2-1/2

[Event "Team 45 45 League T55"]
[Site "Internet Chess Club"]
[Date "2012.12.07"]
[Round "4"]
[White "badmove"]
[Black "ticopatzer"]
[Result "0-1"]
[WhiteElo "1696"]
[BlackElo "1658"]
[Opening "QGD Slav: 3.Nf3"]
[ECO "D11"]
[Time "17:32:49"]
[TimeControl "2700+45"]

1. d4 d5 2. c4 c6 3. Nf3 Bg4 4. Ne5 Bh5 5. Nc3 Nf6 6. f3 Nbd7 7. g4 Bg6 8. cxd5
cxd5 9. h4 h6 10. Nxg6 fxg6 11. Qc2 Kf7 12. e4 e5 13. exd5 exd4 14. d6 Bxd6 15.
Bc4+ Kf8 16. Ne2 Rc8 17. Qb3 d3 18. Bxd3 Nc5 19. Qd1 Nxd3+ 20. Qxd3 Bb4+ 21. Bd2
Qxd3 22. Bxb4+ Kf7 23. Rd1 Qb5 24. Bc3 Rhe8 25. Rh2 Nd5 {White resigns} 0-1

[Event "Team 45 45 League T55"]
[Site "Internet Chess Club"]
[Date "2012.12.12"]
[Round "4"]
[White "julesraider"]
[Black "ILRE"]
[Result "0-1"]
[WhiteElo "1581"]
[BlackElo "1547"]
[Opening "King's Indian: orthodox, Aronin-Taimanov, bayonet attack"]
[ECO "E97"]
[Time "18:05:36"]
[TimeControl "2700+45"]

1. d4 Nf6 2. c4 g6 3. Nc3 Bg7 4. e4 d6 5. Nf3 O-O 6. Be2 e5 7. O-O Nc6 8. d5 Ne7
9. b4 Nh5 10. Re1 f5 11. Ng5 Nf6 12. Bf3 c6 13. Be3 cxd5 14. cxd5 h6 15. Ne6
Bxe6 16. dxe6 fxe4 17. Nxe4 Nxe4 18. Bxe4 d5 19. Bc2 b6 20. Qg4 e4 21. Rad1 Qc7
22. Bb3 Rf5 23. Rc1 Qd6 24. b5 Kh7 25. Rc2 Qxe6 26. Rec1 Rd8 27. Rc7 Rd7 28. Qd1
Qd6 29. Rxd7 Qxd7 30. a4 d4 31. Bd2 Rc5 32. Qe2 Rxc1+ 33. Bxc1 Qf5 34. Qc4 Qc5
35. Qf1 Be5 36. g3 Nd5 37. Bd2 Nf6 38. Qh3 e3 39. fxe3 dxe3 40. Be1 e2+ 41. Kg2
Qe7 42. Qc8 Bd4 43. Qc4 Qe4+ 44. Kh3 Qg4+ 45. Kg2 Qe4+ 46. Kh3 Qf5+ 47. Kg2 Qf1#
{White checkmated} 0-1

[Event "Team 45 45 League T55"]
[Site "Internet Chess Club"]
[Date "2012.12.08"]
[Round "4"]
[White "houseofcook"]
[Black "rayngrant"]
[Result "1/2-1/2"]
[WhiteElo "1490"]
[BlackElo "1571"]
[Opening "Scotch gambit: Dubois-Réti defense"]
[ECO "C55"]
[Time "09:08:20"]
[TimeControl "2700+45"]

1. e4 e5 2. Nf3 Nc6 3. d4 exd4 4. Bc4 Nf6 5. e5 Ng4 6. Qe2 Bb4+ 7. c3 dxc3 8.
bxc3 Be7 9. h3 Nh6 10. Bxh6 gxh6 11. O-O O-O 12. Nbd2 d5 13. exd6 Bxd6 14. Qe3
Qf6 15. Ne4 Qf4 16. Nxd6 Qxd6 17. Rad1 Qf6 18. Rfe1 Bf5 19. Qc1 Rfe8 20. Be2 Ne5
21. Nd4 Bd7 22. Nb5 Bxb5 23. Bxb5 c6 24. Be2 Kh8 25. Qc2 Rg8 26. Qe4 Rae8 27.
Qd4 Rd8 28. Qe3 b6 29. Rd4 Rxd4 30. cxd4 Nd7 31. Bg4 Qg7 32. Bf3 c5 33. Qe7 Qxd4
34. Rd1 Qf4 35. Rxd7 Qxf3 36. Qe5+ f6 37. Qh2 Qe2 38. Qf4 Qe1+ 39. Kh2 Qe5 40.
Qxe5 fxe5 41. Rxa7 Rb8 42. a4 b5 43. axb5 Rxb5 44. Rc7 e4 45. Kg3 c4 46. Rxc4
Rg5+ 47. Kh2 Re5 48. Rc7 Re6 49. Rb7 e3 50. fxe3 Rxe3 {Game drawn by mutual
agreement} 1/2-1/2

[Event "Team 45 45 League T55"]
[Site "Internet Chess Club"]
[Date "2012.12.09"]
[Round "4"]
[White "FlyingTiger"]
[Black "xt"]
[Result "1-0"]
[WhiteElo "1720"]
[BlackElo "1628"]
[Opening "Sicilian: closed"]
[ECO "B23"]
[Time "18:03:15"]
[TimeControl "2700+45"]

1. e4 c5 2. Nc3 d6 3. f4 Nc6 4. Bb5 Bd7 5. Nf3 Nf6 6. d3 e6 7. O-O Be7 8. Be3 a6
9. Bxc6 Bxc6 10. Qe1 b5 11. Qg3 O-O 12. Rad1 d5 13. exd5 Nxd5 14. Nxd5 Bxd5 15.
d4 cxd4 16. Bxd4 Bf6 17. Ne5 Bc4 18. Bf2 Qe7 19. Nxc4 bxc4 20. c3 Rab8 21. Rd2
Rfd8 22. Rfd1 Qc7 23. Qe3 Rxb2 24. Rxd8+ Bxd8 25. f5 Qe7 26. Qe4 Rb8 27. Qxc4 a5
28. fxe6 Qxe6 29. Re1 Qd7 30. Qd5 Qa4 31. Qe5 Bc7 32. Qxc7 Rf8 33. Bc5 Re8 34.
Rxe8+ Qxe8 35. h3 f6 36. Qe7 Qb8 37. Qe6+ Kh8 38. Qb6 Qe8 39. Bf2 a4 40. Bg3 h6
41. Qb8 {Black resigns} 1-0

[Event "Team 45 45 League T55"]
[Site "Internet Chess Club"]
[Date "2012.12.06"]
[Round "4"]
[White "latayvia"]
[Black "milesotoole"]
[Result "1-0"]
[WhiteElo "1741"]
[BlackElo "1569"]
[Opening "Réti: King's Indian attack"]
[ECO "A08"]
[Time "22:12:36"]
[TimeControl "2700+45"]

1. g3 c5 2. Nf3 d5 3. Bg2 Nf6 4. O-O g6 5. d3 Bg7 6. Nbd2 O-O 7. Re1 Nc6 8. e4
d4 9. a4 e5 10. Nc4 Qc7 11. Bd2 Be6 12. b3 a6 13. a5 Nb4 14. Nfxe5 Ne8 15. Nf3
Nd6 16. Bf4 {Black resigns} 1-0

[Event "Team 45 45 League T55"]
[Site "Internet Chess Club"]
[Date "2012.12.10"]
[Round "4"]
[White "krysto"]
[Black "gandre"]
[Result "0-1"]
[WhiteElo "1635"]
[BlackElo "1812"]
[Opening "Queen's pawn: London system"]
[ECO "A45"]
[Time "19:00:18"]
[TimeControl "2700+45"]

1. d4 Nf6 2. Bf4 e6 3. Nf3 c5 4. e3 b6 5. Bd3 Bb7 6. Nbd2 Be7 7. c3 Nh5 8. Bg3
Nxg3 9. hxg3 d6 10. dxc5 bxc5 11. Qa4+ Bc6 12. Qg4 Bf6 13. Ne4 Bxe4 14. Qxe4 d5
15. Qa4+ Nd7 16. Bb5 Qc7 17. g4 O-O-O 18. O-O Nb6 19. Ba6+ Kb8 20. Qb5 Ka8 21.
g5 Be7 22. Ne5 Bxg5 23. Nxf7 Qxf7 24. Qc6+ Kb8 25. Qxc5 Qc7 26. Qb5 Qc4 27. Qa5
Qa4 28. b4 Qxa5 29. bxa5 Nd7 30. Rab1+ Kc7 31. Rb7+ Kd6 32. Rfb1 Rb8 33. Be2
Rxb7 34. Rxb7 Rb8 35. Rxa7 Rb2 36. Bd3 h6 37. a4 Bf6 38. Bb5 Nc5 39. Rf7 Ra2
{White resigns} 0-1

[Event "Team 45 45 League T55"]
[Site "Internet Chess Club"]
[Date "2012.12.07"]
[Round "4"]
[White "Megasus"]
[Black "Berke"]
[Result "0-1"]
[WhiteElo "1551"]
[BlackElo "1569"]
[Opening "Réti opening"]
[ECO "A06"]
[Time "13:02:04"]
[TimeControl "2700+45"]

1. Nf3 d5 2. e3 Nf6 3. c4 e6 4. a3 c5 5. d4 cxd4 6. exd4 Be7 7. Nc3 Nc6 8. h3
Bd7 9. b3 O-O 10. Qc2 Re8 11. Bd3 dxc4 12. bxc4 Qa5 13. Ra2 e5 14. Be3 e4 15.
Be2 exf3 16. Bxf3 Bf8 17. O-O a6 18. Be2 Bf5 19. Bd3 Bxd3 20. Qxd3 Rad8 21. Rd1
Ne5 {White resigns} 0-1

[Event "Team 45 45 League T55"]
[Site "Internet Chess Club"]
[Date "2012.12.09"]
[Round "4"]
[White "Matusalen"]
[Black "Ptzz"]
[Result "1/2-1/2"]
[WhiteElo "2174"]
[BlackElo "2160"]
[Opening "QGA: classical, 6...a6"]
[ECO "D27"]
[Time "10:01:14"]
[TimeControl "2700+45"]

1. Nf3 d5 2. d4 Nf6 3. c4 dxc4 4. e3 e6 5. Bxc4 a6 6. O-O c5 7. dxc5 Qxd1 8.
Rxd1 Bxc5 9. Be2 b6 10. Nbd2 Bb7 11. Nb3 Be7 12. Ne5 Nbd7 13. Nxd7 Nxd7 14. f3
Nc5 15. Nxc5 Bxc5 16. a3 b5 17. b4 Bb6 18. a4 bxa4 19. Rxa4 Ke7 20. Kf2 Rhc8 21.
Bd3 h5 22. Ke2 Bc7 23. h3 Bd6 24. Bd2 g6 25. Rda1 Be5 26. Rb1 f5 27. Ra5 Bc7 28.
Ra4 Be5 29. Ra5 Bc7 30. Ra4 Be5 {Game drawn by repetition} 1/2-1/2

[Event "Team 45 45 League T55"]
[Site "Internet Chess Club"]
[Date "2012.12.06"]
[Round "4"]
[White "PandorasBox"]
[Black "przechrzczony"]
[Result "0-1"]
[WhiteElo "1897"]
[BlackElo "2020"]
[Opening "English opening"]
[ECO "A10"]
[Time "17:00:24"]
[TimeControl "2700+45"]

1. c4 d6 2. g3 e5 3. Bg2 f5 4. Nc3 Nf6 5. d3 Be7 6. Bg5 O-O 7. Nf3 c6 8. O-O h6
9. Bd2 Qe8 10. Qb3 Kh8 11. c5 Na6 12. cxd6 Bxd6 13. Rac1 Nc5 14. Qc2 f4 15. Nh4
Qh5 16. Bf3 Bg4 17. Bxg4 Nxg4 18. d4 exd4 19. Ne4 d3 20. exd3 Nxe4 21. dxe4 fxg3
22. fxg3 Be7 23. h3 Bxh4 24. gxh4 Ne5 25. Bc3 Nf3+ 26. Kh1 Qxh4 27. Qg2 Ng5 28.
Kh2 Rae8 29. Rce1 Rxf1 30. Qxf1 Ne6 31. Qg2 Rf8 32. Re2 Ng5 33. Be1 Qh5 34. Qg4
Nf3+ 35. Kg2 Qb5 36. Qxf3 Rxf3 37. Kxf3 Qh5+ 38. Kf2 Qxh3 39. e5 Qh4+ 40. Kf1
Qh3+ 41. Kf2 Qf5+ 42. Kg1 Qg4+ 43. Kf1 Qf3+ 44. Bf2 Qh3+ 45. Ke1 Qe6 46. Bd4 Kg8
47. Bxa7 h5 48. Bd4 h4 49. Kf1 Qh3+ 50. Ke1 Qe6 51. Kf1 h3 52. Bc3 Qf5+ 53. Rf2
Qd3+ 54. Ke1 Qb1+ 55. Ke2 Qxa2 56. Kf3 Qe6 57. Kg3 c5 58. Rh2 b5 59. Rd2 b4 60.
Rd6 bxc3 61. Rxe6 c2 62. b4 c1=Q 63. bxc5 Qc3+ 64. Kh2 Qc2+ {White resigns} 0-1

[Event "Team 45 45 League T55"]
[Site "Internet Chess Club"]
[Date "2012.12.08"]
[Round "4"]
[White "bobhill"]
[Black "Holzschlange"]
[Result "0-1"]
[WhiteElo "1890"]
[BlackElo "1820"]
[Opening "Queen's pawn: Torre attack"]
[ECO "A46"]
[Time "16:01:57"]
[TimeControl "2700+45"]

1. d4 Nf6 2. Nf3 e6 3. Bg5 h6 4. Bh4 d6 5. Nbd2 g5 6. Bg3 Nh5 7. c3 Bg7 8. Qc2
Nd7 9. e3 Qe7 10. Be2 a6 11. O-O-O b5 12. e4 Bb7 13. Ne1 Nxg3 14. hxg3 c5 15. d5
exd5 16. Bf3 O-O 17. exd5 Nb6 18. Qf5 Bc8 19. Qe4 Qf6 20. Qe2 Bf5 21. Ne4 Bxe4
22. Qxe4 b4 23. Rd3 Rfe8 24. Qg4 Rab8 25. Nc2 Re7 26. Ne3 bxc3 27. Rxc3 Qg6 28.
Nf5 Reb7 29. Nxg7 Qxg7 30. Rb3 c4 31. Rb4 c3 32. b3 c2 33. Kxc2 Rc7+ 34. Kb1 a5
35. Rd4 a4 36. b4 a3 37. Be2 Nxd5 38. Bd3 Nf4 39. Rxf4 Qb2# {White checkmated}
0-1